TOP OF THE 1ST |
Long Island Seawolves batting - Pitching for Helena Grizzlies : RHP Doruk Oyan
|
Pitching: RHP Doruk Oyan
|
|
Batting: LHB Keith Alexander
|
0-0: Foul Ball, location: 2F 0-1: Ball 1-1: Ball 2-1: Ball 3-1: Swinging Strike 3-2: Strikes out swinging
|
Batting: RHB Jim Unknown
|
0-0: Called Strike 0-1: Ball 1-1: Ball 2-1: Called Strike 2-2: Foul Ball, location: 2F 2-2: Foul Ball, location: 2F 2-2: Foul Ball, location: 2F 2-2: Fly out, F8 (Flyball, 89D)
|
Batting: RHB António Pérez
|
0-0: Ball 1-0: Called Strike 1-1: Ball 2-1: Swinging Strike 2-2: Strikes out looking
|
Top of the 1st over - 0 run(s), 0 hit(s), 0 error(s), 0 left on base; Long Island 0 - Helena 0 |
BOTTOM OF THE 1ST |
Helena Grizzlies batting - Pitching for Long Island Seawolves : LHP Jim Unknown
|
Pitching: LHP Jim Unknown
|
|
Batting: RHB Álex Estrada
|
0-0: Fly out, F7 (Flyball, 7M)
|
Batting: LHB César Muñóz
|
0-0: Called Strike 0-1: Ball 1-1: Ground out 1-3 (Groundball, 15S)
|
Batting: RHB Octávio Zúñiga
|
0-0: Fly out, F9 (Flyball, 9D)
|
Bottom of the 1st over - 0 run(s), 0 hit(s), 0 error(s), 0 left on base; Long Island 0 - Helena 0 |
TOP OF THE 2ND |
Long Island Seawolves batting - Pitching for Helena Grizzlies : RHP Doruk Oyan
|
Batting: SHB Carroll Kline
|
0-0: Called Strike 0-1: Called Strike 0-2: Ball 1-2: Fly out, F9 (Flyball, 89D)
|
Batting: RHB Jim Unknown
|
0-0: Ball 1-0: Swinging Strike 1-1: Foul Ball, location: 2F 1-2: Foul Ball, location: 2F 1-2: SOLO HOME RUN (Flyball, 7LD), Distance : 337 ft
|
Batting: LHB Jim Unknown
|
0-0: Foul Ball, location: 2F 0-1: Ground out 4-3 (Groundball, 34)
|
Batting: RHB Jim Unknown
|
0-0: Ball 1-0: Ball 2-0: Ball 3-0: Base on Balls
|
Batting: LHB Jim Unknown
|
0-0: Called Strike 0-1: Ball 1-1: Ground out 5-3 (Groundball, 56S)
|
Top of the 2nd over - 1 run(s), 1 hit(s), 0 error(s), 1 left on base; Long Island 1 - Helena 0 |
BOTTOM OF THE 2ND |
Helena Grizzlies batting - Pitching for Long Island Seawolves : LHP Jim Unknown
|
Batting: SHB Eric O'Neill
|
0-0: Ball 1-0: Ball 2-0: Ground out 1-3 (Groundball, 13)
|
Batting: RHB Keith Newbold
|
0-0: Ground out 5-3 (Groundball, 56)
|
Batting: RHB Chris Woodruff
|
0-0: Ball 1-0: Ball 2-0: Ball 3-0: Called Strike 3-1: Fly out, F9 (Flyball, 89M)
|
Bottom of the 2nd over - 0 run(s), 0 hit(s), 0 error(s), 0 left on base; Long Island 1 - Helena 0 |
TOP OF THE 3RD |
Long Island Seawolves batting - Pitching for Helena Grizzlies : RHP Doruk Oyan
|
Batting: SHB Terry Conley
|
0-0: Ball 1-0: Ball 2-0: Ball 3-0: Called Strike 3-1: Foul Ball, location: 2F 3-2: Base on Balls
|
Batting: LHB Keith Alexander
|
0-0: Foul Ball, location: 2F 0-1: Ball 1-1: Fly out, F4 (Popup, 4S)
|
Batting: RHB Jim Unknown
|
0-0: Ball 1-0: Ball 2-0: Ball 3-0: Swinging Strike 3-1: Swinging Strike 3-2: Strikes out looking
|
Batting: RHB António Pérez
|
0-0: Called Strike 0-1: Ball 1-1: Ball 2-1: Ball 3-1: Called Strike 3-2: Base on Balls Terry Conley to second
|
Batting: SHB Carroll Kline
|
0-0: Fly out, F8 (Flyball, 8RD)
|
Top of the 3rd over - 0 run(s), 0 hit(s), 0 error(s), 2 left on base; Long Island 1 - Helena 0 |
BOTTOM OF THE 3RD |
Helena Grizzlies batting - Pitching for Long Island Seawolves : LHP Jim Unknown
|
Batting: LHB Wilson Horton
|
0-0: Called Strike 0-1: Called Strike 0-2: Fly out, F8 (Flyball, 8LXD)
|
Batting: LHB Eugene Henson
|
0-0: Ball 1-0: Foul Ball, location: 2F 1-1: Ball 2-1: SINGLE (Line Drive, 8LS)
|
Batting: LHB Andrew Palmer
|
0-0: Ball 1-0: Called Strike 1-1: Ball 2-1: Ball 3-1: Grounds into double play, 6-4-3 (Groundball, 6)
|
Bottom of the 3rd over - 0 run(s), 1 hit(s), 0 error(s), 0 left on base; Long Island 1 - Helena 0 |
TOP OF THE 4TH |
Long Island Seawolves batting - Pitching for Helena Grizzlies : RHP Doruk Oyan
|
Batting: RHB Jim Unknown
|
0-0: Ball 1-0: Called Strike 1-1: Ball 2-1: Called Strike 2-2: Strikes out swinging
|
Batting: LHB Jim Unknown
|
0-0: Ball 1-0: Ball 2-0: Foul Ball, location: 2F 2-1: Foul Ball, location: 2F 2-2: Ball 3-2: Base on Balls
|
Batting: RHB Jim Unknown
|
0-0: Ball Jim Unknown steals 2nd base 1-0: Ball 2-0: Called Strike Jim Unknown steals 3rd base 2-1: Called Strike 2-2: Foul Ball, location: 2F 2-2: SINGLE (Groundball, 6M) Jim Unknown scores
|
Batting: LHB Jim Unknown
|
0-0: Called Strike 0-1: Ball 1-1: Fly out, F9 (Flyball, 89M)
|
Batting: SHB Terry Conley
|
0-0: Swinging Strike 0-1: Called Strike 0-2: Strikes out looking
|
Top of the 4th over - 1 run(s), 1 hit(s), 0 error(s), 1 left on base; Long Island 2 - Helena 0 |
BOTTOM OF THE 4TH |
Helena Grizzlies batting - Pitching for Long Island Seawolves : LHP Jim Unknown
|
Batting: RHB Álex Estrada
|
0-0: Fly out, F8 (Flyball, 78M)
|
Batting: LHB César Muñóz
|
0-0: Ball 1-0: Ball 2-0: Ball 3-0: Base on Balls
|
Batting: RHB Octávio Zúñiga
|
0-0: Called Strike 0-1: Grounds into double play, 6-4-3 (Groundball, 6)
|
Bottom of the 4th over - 0 run(s), 0 hit(s), 0 error(s), 0 left on base; Long Island 2 - Helena 0 |
TOP OF THE 5TH |
Long Island Seawolves batting - Pitching for Helena Grizzlies : RHP Doruk Oyan
|
Batting: LHB Keith Alexander
|
0-0: Ball 1-0: Foul Ball, location: 2F 1-1: Swinging Strike 1-2: Fly out, F6 (Line Drive, 6)
|
Batting: RHB Jim Unknown
|
0-0: Ground out 4-3 (Groundball, 4)
|
Batting: RHB António Pérez
|
0-0: Ball 1-0: Called Strike 1-1: Foul Ball, location: 2F 1-2: Ground out 5-3 (Groundball, 5S)
|
Top of the 5th over - 0 run(s), 0 hit(s), 0 error(s), 0 left on base; Long Island 2 - Helena 0 |
BOTTOM OF THE 5TH |
Helena Grizzlies batting - Pitching for Long Island Seawolves : LHP Jim Unknown
|
Batting: SHB Eric O'Neill
|
0-0: Swinging Strike 0-1: Ball 1-1: Ball 2-1: Swinging Strike 2-2: Foul Ball, location: 2F 2-2: Strikes out swinging
|
Batting: RHB Keith Newbold
|
0-0: Ground out 5-3 (Groundball, 5L)
|
Batting: RHB Chris Woodruff
|
0-0: Called Strike 0-1: Ball 1-1: Foul Ball, location: 2F 1-2: Foul Ball, location: 2F 1-2: Ball 2-2: Ball 3-2: Base on Balls
|
Batting: LHB Wilson Horton
|
0-0: Ball 1-0: Called Strike Chris Woodruff is caught stealing 2nd base
|
Bottom of the 5th over - 0 run(s), 0 hit(s), 0 error(s), 0 left on base; Long Island 2 - Helena 0 |
TOP OF THE 6TH |
Long Island Seawolves batting - Pitching for Helena Grizzlies : RHP Doruk Oyan
|
Batting: SHB Carroll Kline
|
0-0: DOUBLE (Flyball, 78M)
|
Batting: RHB Jim Unknown
|
0-0: Ball 1-0: Ball 2-0: Ball 3-0: Called Strike 3-1: Foul Ball, location: 2F 3-2: Base on Balls
|
Batting: LHB Jim Unknown
|
0-0: Bunted foul 0-1: Bunted foul 0-2: Ball 1-2: Fly out, F4 (Popup, 4D)
|
Pitching: LHP Alonso García
|
|
Batting: RHB Jim Unknown
|
0-0: Called Strike 0-1: Fly out, F7 (Line Drive, 7M)
|
Batting: LHB Jim Unknown
|
0-0: Called Strike 0-1: Ball 1-1: Ball 2-1: Foul Ball, location: 2F 2-2: Strikes out looking
|
Top of the 6th over - 0 run(s), 1 hit(s), 0 error(s), 2 left on base; Long Island 2 - Helena 0 |
BOTTOM OF THE 6TH |
Helena Grizzlies batting - Pitching for Long Island Seawolves : LHP Jim Unknown
|
Batting: LHB Wilson Horton
|
0-0: Called Strike 0-1: Ball 1-1: Foul Ball, location: 2F 1-2: Ball 2-2: Ground out 6-3 (Groundball, 6M)
|
Batting: LHB Eugene Henson
|
0-0: Ball 1-0: Ground out U3 (Groundball, 3)
|
Batting: LHB Andrew Palmer
|
0-0: Ball 1-0: Fly out, F8 (Flyball, 8LM)
|
Bottom of the 6th over - 0 run(s), 0 hit(s), 0 error(s), 0 left on base; Long Island 2 - Helena 0 |
TOP OF THE 7TH |
Long Island Seawolves batting - Pitching for Helena Grizzlies : LHP Alonso García
|
Batting: SHB Terry Conley
|
0-0: Swinging Strike 0-1: Swinging Strike 0-2: Ball 1-2: Ball 2-2: Strikes out looking
|
Batting: LHB Keith Alexander
|
0-0: Ball 1-0: Foul Ball, location: 2F 1-1: Foul Ball, location: 2F 1-2: Ball 2-2: Strikes out looking
|
Batting: RHB Jim Unknown
|
0-0: Called Strike 0-1: Ball 1-1: Called Strike 1-2: SINGLE (Flyball, 7S)
|
Batting: RHB António Pérez
|
0-0: Ball 1-0: Called Strike 1-1: Fly out, F1 (Line Drive, 15)
|
Top of the 7th over - 0 run(s), 1 hit(s), 0 error(s), 1 left on base; Long Island 2 - Helena 0 |
BOTTOM OF THE 7TH |
Helena Grizzlies batting - Pitching for Long Island Seawolves : LHP Jim Unknown
|
Batting: RHB Álex Estrada
|
0-0: Called Strike 0-1: Foul Ball, location: 2F 0-2: Foul Ball, location: 2F 0-2: Ball 1-2: Ball 2-2: Foul Ball, location: 2F 2-2: Ground out 6-3 (Groundball, 6)
|
Batting: LHB César Muñóz
|
0-0: Called Strike 0-1: Fly out, F6 (Popup, 6D)
|
Batting: RHB Octávio Zúñiga
|
0-0: Foul Ball, location: 2F 0-1: Ball 1-1: Called Strike 1-2: SINGLE (Groundball, 15S) (infield hit)
|
Batting: SHB Eric O'Neill
|
0-0: Ball 1-0: Ground out 4-3 (Groundball, 4)
|
Bottom of the 7th over - 0 run(s), 1 hit(s), 0 error(s), 1 left on base; Long Island 2 - Helena 0 |
TOP OF THE 8TH |
Long Island Seawolves batting - Pitching for Helena Grizzlies : LHP Alonso García
|
Batting: SHB Carroll Kline
|
0-0: Called Strike 0-1: Ball 1-1: SINGLE (Line Drive, 56D)
|
Batting: RHB Jim Unknown
|
0-0: Ball 1-0: Foul Ball, location: 2F 1-1: Ball 2-1: Swinging Strike 2-2: DOUBLE (Line Drive, 5D) Carroll Kline to third
|
Batting: LHB Jim Unknown
|
0-0: Ball 1-0: Ball 2-0: Fly out, F9 (Line Drive, 89M) Runner from 3rd tags up, OUT at HOME Jim Unknown to third
|
Batting: RHB Jim Unknown
|
0-0: Swinging Strike 0-1: Fly out, F3 (Popup, 3DF)
|
Top of the 8th over - 0 run(s), 2 hit(s), 0 error(s), 1 left on base; Long Island 2 - Helena 0 |
BOTTOM OF THE 8TH |
Helena Grizzlies batting - Pitching for Long Island Seawolves : LHP Jim Unknown
|
Batting: RHB Keith Newbold
|
0-0: SINGLE (Line Drive, 9S)
|
Batting: RHB Chris Woodruff
|
Pickoff Throw to First - Out! 0-0: Called Strike 0-1: Ball 1-1: Called Strike 1-2: Strikes out swinging
|
Batting: LHB Wilson Horton
|
0-0: DOUBLE (Line Drive, 9LS)
|
Batting: LHB Eugene Henson
|
0-0: Hit by Pitch
|
Pinch Hitting: RHB Curt Pope
|
0-0: Foul Ball, location: 2F 0-1: Ball 1-1: Ball 2-1: Ground out 6-3 (Groundball, 6)
|
Bottom of the 8th over - 0 run(s), 2 hit(s), 0 error(s), 2 left on base; Long Island 2 - Helena 0 |
TOP OF THE 9TH |
Long Island Seawolves batting - Pitching for Helena Grizzlies : LHP Alonso García
|
Pitching: LHP Gian Turicchia
|
|
Now in RF: Curt Pope
|
|
Batting: LHB Jim Unknown
|
0-0: Ground out 4-3 (Groundball, 4)
|
Batting: SHB Terry Conley
|
0-0: Called Strike 0-1: Foul Ball, location: 2F 0-2: Ball 1-2: Foul Ball, location: 2F 1-2: Foul Ball, location: 2F 1-2: Strikes out swinging
|
Batting: LHB Keith Alexander
|
0-0: Ball 1-0: Called Strike 1-1: Called Strike 1-2: Foul Ball, location: 2F 1-2: Ball 2-2: Strikes out swinging
|
Top of the 9th over - 0 run(s), 0 hit(s), 0 error(s), 0 left on base; Long Island 2 - Helena 0 |
BOTTOM OF THE 9TH |
Helena Grizzlies batting - Pitching for Long Island Seawolves : LHP Jim Unknown
|
Pitching: RHP Jim Unknown
|
|
Batting: RHB Álex Estrada
|
0-0: Foul Ball, location: 2F 0-1: Ball 1-1: Ball 2-1: Swinging Strike 2-2: Foul Ball, location: 2F 2-2: Foul Ball, location: 2F 2-2: Foul Ball, location: 2F 2-2: Ball 3-2: TRIPLE (Line Drive, 89M)
|
Pinch Hitting: LHB Rufo Flores
|
0-0: Called Strike 0-1: Ball 1-1: Ball 2-1: Foul Ball, location: 2F 2-2: Ball 3-2: Base on Balls
|
Batting: RHB Octávio Zúñiga
|
0-0: Swinging Strike 0-1: Foul Ball, location: 2F 0-2: Ball 1-2: Foul Ball, location: 2F 1-2: SINGLE (Line Drive, 9S) Álex Estrada scores Rufo Flores to second Runner from 2nd tries for 3rd, SAFE, no throw or cutoff
|
Batting: SHB Eric O'Neill
|
0-0: Foul Ball, location: 2F 0-1: Ball 1-1: Foul Ball, location: 2F 1-2: Ground out 4-3 (Groundball, 4M) Octávio Zúñiga to second
|
Batting: RHB Keith Newbold
|
0-0: Called Strike 0-1: SINGLE (Groundball, 5D) Rufo Flores scores Octávio Zúñiga to third Runner from 3rd tries for Home, throw and OUT! Keith Newbold to second
|
Pinch Hitting: SHB Ramón Morales
|
0-0: Called Strike 0-1: Ball 1-1: Ball 2-1: Ball 3-1: Swinging Strike 3-2: Foul Ball, location: 2F 3-2: Strikes out swinging
|
Bottom of the 9th over - 2 run(s), 3 hit(s), 0 error(s), 1 left on base; Long Island 2 - Helena 2 |
TOP OF THE 10TH |
Long Island Seawolves batting - Pitching for Helena Grizzlies : LHP Gian Turicchia
|
Pitching: RHP Teddy Jones
|
|
Now at 3B: Enrico Díaz
|
|
Now at SS: Bruce Hunt
|
|
Pinch Hitting: RHB Jim Unknown
|
0-0: Fly out, F4 (Line Drive, 4)
|
Batting: RHB António Pérez
|
0-0: Called Strike 0-1: Ball 1-1: Swinging Strike 1-2: Strikes out swinging
|
Batting: SHB Carroll Kline
|
0-0: Ball 1-0: Called Strike 1-1: Ball 2-1: Ball 3-1: Foul Ball, location: 2F 3-2: Base on Balls
|
Batting: RHB Jim Unknown
|
0-0: Fly out, F9 (Flyball, 9M)
|
Top of the 10th over - 0 run(s), 0 hit(s), 0 error(s), 1 left on base; Long Island 2 - Helena 2 |
BOTTOM OF THE 10TH |
Helena Grizzlies batting - Pitching for Long Island Seawolves : RHP Jim Unknown
|
Now at C: Jim Unknown
|
|
Batting: LHB Wilson Horton
|
0-0: Foul Ball, location: 2F 0-1: Ball 1-1: Ball 2-1: Foul Ball, location: 2F 2-2: Foul Ball, location: 2F 2-2: SINGLE (Groundball, 34D)
|
Pinch Runner at 1st Iván Flores:
|
|
Batting: LHB Eugene Henson
|
0-0: Ball Iván Flores is caught stealing 2nd base 1-0: Foul Ball, location: 2F 1-1: Swinging Strike 1-2: Ball 2-2: Fly out, F7 (Flyball, 7S)
|
Batting: RHB Curt Pope
|
0-0: Called Strike 0-1: Ball 1-1: Ball 2-1: SINGLE (Groundball, 6MD)
|
Batting: RHB Álex Estrada
|
0-0: Ball Wild Pitch! Curt Pope to second 1-0: Ball 2-0: Ball 3-0: Called Strike 3-1: Swinging Strike 3-2: Base on Balls
|
Pinch Hitting: RHB Dustin O'Quinlevan
|
0-0: Called Strike 0-1: Ball 1-1: Ball 2-1: Swinging Strike 2-2: Ball 3-2: SINGLE (Groundball, 4) Curt Pope to third Álex Estrada to second Curt Pope scores
|
|